 Dungeon Crawl Stone Soup version 0.23.2-1-ga50397a (webtiles) character file.

Game seed: 7946308583418586029

68 Leeroy the Conjurer (level 4, -3/33 HPs)
             Began as a Draconian Conjurer on Apr 14, 2019.
             Was a Follower of Elyvilon.
             Killed by divine providence
             ... invoked by an orc priest
              (14 damage)
             ... on level 3 of the Dungeon.
             The game lasted 00:06:35 (1780 turns).

Leeroy the Conjurer (Draconian Conjurer)            Turns: 1780, Time: 00:06:37

Health: -3/33      AC:  7    Str: 11    XL:     4   Next: 1%
Magic:  2/7        EV: 12    Int: 16    God:    Elyvilon [*.....]
Gold:   111        SH:  0    Dex: 11    Spells: 1/7 levels left

rFire    . . .     SeeInvis .   f - +0 short sword
rCold    . . .     Gourm    .   (no shield)
rNeg     . . .     Faith    .   (armour unavailable)
rPois    .         Spirit   .   (helmet restricted)
rElec    .         Reflect  .   (no cloak)
rCorr    .         Harm     .   (no gloves)
MR       .....                  w - +1 pair of boots
Stlth    ++........             (no amulet)
HPRegen  0.11/turn              (no ring)
MPRegen  0.10/turn              (no ring)

@: no status effects
A: unfitting armour, cold-blooded, AC +5
a: Lesser Healing, Divine Protection, Renounce Religion


You were on level 3 of the Dungeon.
You worshipped Elyvilon.
Elyvilon was aware of your devotion.
You were not hungry.

You visited 1 branch of the dungeon, and saw 3 of its levels.

You collected 111 gold pieces.

Inventory:

Hand Weapons
 c - a +0 hand axe
 d - a +0 mace
 f - a +0 short sword (weapon)
 i - a +0 dagger of holy wrath
Missiles
 a - 148 stones (quivered)
 n - 15 arrows
 q - 24 sling bullets
Armour
 w - a +1 pair of boots (worn)
Jewellery
 h - an uncursed amulet of magic regeneration {unknown}
 k - an uncursed ring of protection from fire
 m - an uncursed amulet of guardian spirit {unknown}
 o - an uncursed ring of protection from fire
 x - an uncursed amulet of guardian spirit {unknown}
Scrolls
 g - a scroll of amnesia {unknown}
 j - a scroll of immolation {unknown}
 t - 2 scrolls of enchant armour {unknown}
 u - 2 scrolls of remove curse {unknown}
Potions
 e - 5 potions of curing {unknown}
 l - a potion of lignification {unknown}
 p - a potion of mutation {unknown}
 r - 2 potions of berserk rage {unknown}
 s - a potion of ambrosia {unknown}
 v - 2 potions of heal wounds {unknown}
 A - a potion of might {unknown}
Comestibles
 b - 4 rations
 z - 4 chunks of flesh


   Skills:
 - Level 1.7 Dodging
 - Level 1.7 Stealth
 - Level 2.0 Spellcasting
 + Level 5.6 Conjurations


You had one spell level left.
You knew the following spells:

 Your Spells              Type           Power        Failure   Level  Hunger
a - Magic Dart            Conj           ###.         1%          1    #......
b - Searing Ray           Conj           ###...       3%          2    ###....
c - Dazzling Spray        Conj/Hex       ##....       21%         3    ###....

Your spell library contained the following spells:

 Spells                   Type           Power        Failure   Level  Hunger
 Iskenderun's Mystic Bla  Conj           ###.....     21%         4    #####..
 Force Lance              Conj/Tloc      ##......     54%         4    #####..
 Fulminant Prism          Conj/Hex       ##........   54%         4    #####..


Dungeon Overview and Level Annotations

Branches:
Dungeon (3/15)

Altars:
Elyvilon
Ru


Innate Abilities, Weirdness & Mutations

Your plain brown scales are hard. (AC +5)
You cannot fit into any form of body armour.
You are cold-blooded and may be slowed by cold attacks.


Message History

The orc wizard hits you with a +0 dagger.
The orc hits you but does no damage.
The orc wizard casts a cantrip, but nothing happens.
You barely miss the orc wizard.
The orc wizard is heavily wounded.
The orc wizard hits you with a +0 dagger.
You closely miss the orc wizard.
The orc wizard is heavily wounded.
The orc wizard barely misses you.
You closely miss the orc wizard.
Your tail-slap misses the orc wizard.
The orc wizard is heavily wounded.
The orc wizard closely misses you. The orc hits you but does no damage.
The orc wizard misses you.
You hit the orc wizard but do no damage.
You tail-slap the orc wizard, but do no damage.
The orc wizard is heavily wounded.
The orc wizard hits you but does no damage.
The orc priest mumbles some strange prayers to Beogh against you.
Beogh smites you!
You die...

##..#^................# #.##....
##..#......####'##....# #.##....
....#......##....#....# #.######
###.#.#######....#....# #.# #
....#'#######....#....# ...######
##...............#....# #........
.................#....#.#........
##..............ooo..[..#........
................@#.######..######
##...............#.o........ #
#################..#####.#######
#................).
#o##..#####.####### #. #..# #.# #
#. #..# #.# # #o #..# #.# # #o
#..# #.# #


You could see an orc priest, an orc wizard and an orc.

Vanquished Creatures
  2 adders (D:2)
  A worm (D:3)
  A dart slug (D:2)
  2 leopard geckos
  3 giant cockroaches (D:2)
  6 goblins
  5 hobgoblins
  8 kobolds
  A quokka (D:2)
  2 ball pythons
  5 bats
  4 frilled lizards
  6 rats
46 creatures vanquished.

Notes
Turn   | Place    | Note
-------+----------+-------------------------------------------
     0 | D:1      | Leeroy the Draconian Conjurer began the quest for the Orb.
     0 | D:1      | Reached XP level 1. HP: 14/14 MP: 3/3
   272 | D:1      | Reached XP level 2. HP: 13/20 MP: 5/5
   276 | D:1      | Learned a level 2 spell: Searing Ray
   543 | D:2      | Found a white marble altar of Elyvilon.
   571 | D:2      | Reached skill level 5 in Conjurations
   571 | D:2      | Reached XP level 3. HP: 9/26 MP: 2/6
   586 | D:2      | Became a worshipper of Elyvilon the Healer
   591 | D:2      | Learned a level 3 spell: Dazzling Spray
   654 | D:2      | Found a faded altar of an unknown god.
   663 | D:2      | Fell from the grace of Elyvilon
   663 | D:2      | Became a worshipper of Ru the Awakened
   719 | D:2      | Fell from the grace of Ru
   719 | D:2      | Became a worshipper of Elyvilon the Healer
  1539 | D:3      | Reached * piety under Elyvilon
  1736 | D:3      | Reached XP level 4. HP: 31/33 MP: 7/7
  1780 | D:3      | Killed from afar by an orc priest

Skill      XL: |  1  2 |
---------------+-------+-----
Conjurations   | 5 |  5.6
Dodging        | |  1.7
Stealth        | |  1.7
Spellcasting   | |  2.0

Action                   |  1- 3 |  4- 6 || total
-------------------------+-------+-------++-------
Melee: Hand axe          |    34 |       ||    34
       Tailslap          |    10 |     3 ||    13
       Unarmed           |     5 |       ||     5
       Short sword       |    76 |    11 ||    87
Throw: Stone             |     1 |       ||     1
 Cast: Magic Dart        |    18 |       ||    18
       Searing Ray       |     5 |       ||     5
       Dazzling Spray    |       |     2 ||     2
  Eat: Chunk             |     3 |     1 ||     4
Armor: Skin              |    48 |     9 ||    57
Dodge: Dodged            |    96 |     9 ||   105
